 Dungeon Crawl Stone Soup version 0.24-a0-434-gd57e52fea8 (webtiles) character file.

Game seed: 11754190245967853550

4542 nikopol the Thaumaturge (level 10, -12/51 (52) HPs)
             Began as a Deep Elf Fire Elementalist on June 16, 2019.
             Was an Initiate of Vehumet.
             Mangled by Joseph
             ... wielding a +0 quarterstaff
              (14 damage)
             ... on level 9 of the Dungeon.
             The game lasted 00:27:26 (8477 turns).

nikopol the Thaumaturge (DEFE)                      Turns: 8477, Time: 00:27:27

HP:   -12/51 (52)   AC:  5    Str:  5    XL:     10   Next: 17%
MP:   4/27          EV: 15    Int: 24    God:    Vehumet [......]
Gold: 352           SH:  0    Dex: 17    Spells: 17/32 levels left

rFire    . . .     SeeInvis .   m - +0 dagger
rCold    . . .     Gourm    +   (no shield)
rNeg     . . .     Faith    .   I - +1 robe of Weightlessness {Dex+2} (curse)
rPois    .         Spirit   .   (no helmet)
rElec    .         Reflect  .   u - +0 cloak (curse)
rCorr    .         Harm     .   D - +0 pair of gloves
MR       +....                  (no boots)
Stlth    ++........             z - amulet of the gourmand
HPRegen  0.17/turn              C - -2 ring of slaying (curse)
MPRegen  0.20/turn              x - ring of attention (curse)

@: no status effects
A: no striking features
a: Renounce Religion


You were on level 9 of the Dungeon.
You worshipped Vehumet.
Vehumet was noncommittal.
You were very full.

You visited 2 branches of the dungeon, and saw 10 of its levels.

You collected 352 gold pieces.

Inventory:

Hand Weapons
 m - a +0 dagger (weapon)
Armour
 a - a +0 robe
 u - a cursed +0 cloak (worn)
 D - a +0 pair of gloves (worn)
 I - the cursed +1 robe of Weightlessness (worn) {Dex+2}
   (You found it on level 8 of the Dungeon)

   It affects your dexterity (+2).
   It has a curse placed upon it.
Jewellery
 j - an uncursed amulet of magic regeneration
 r - an uncursed ring of magical power
 x - a cursed ring of attention (right hand)
 z - an amulet of the gourmand (around neck)
 C - a cursed -2 ring of slaying (left hand)
 G - an uncursed amulet of faith {unknown}
 H - an uncursed ring of fire {unknown}
Wands
 l - a wand of iceblast (12)
 v - a wand of digging (3)
 F - a wand of enslavement (5)
Scrolls
 e - 2 scrolls of teleportation {unknown}
 k - a scroll of fog
 n - 2 scrolls of enchant weapon {unknown}
 s - 4 scrolls of magic mapping
 t - 2 scrolls of amnesia
 w - a scroll of enchant armour {unknown}
 y - 2 scrolls of immolation {unknown}
 B - 4 scrolls of remove curse {unknown}
 J - a scroll of acquirement {unknown}
Potions
 b - 3 potions of haste
 d - 5 potions of curing
 f - 3 potions of cancellation
 g - 3 potions of brilliance
 h - 2 potions of magic
 i - a potion of mutation
 o - 3 potions of heal wounds
 p - 4 potions of flight
 q - a potion of agility
 A - a potion of invisibility
Comestibles
 c - 10 rations


   Skills:
 + Level 1.3 Fighting
 + Level 4.7 Dodging
 + Level 4.3 Stealth
 + Level 11.8 Spellcasting
 + Level 8.1 Conjurations
 + Level 9.3 Fire Magic


You had 17 spell levels left.
You knew the following spells:

 Your Spells              Type           Power        Failure   Level  Hunger
a - Flame Tongue          Conj/Fire      #####        1%          1    None
b - Throw Flame           Conj/Fire      ######       1%          2    None
c - Conjure Flame         Conj/Fire      ######..     1%          3    None
d - Sticky Flame          Conj/Fire      ######..     1%          4    None
e - Fireball              Conj/Fire      ######....   3%          5    ###....

Your spell library contained the following spells:

 Spells                   Type           Power        Failure   Level  Hunger
 Inner Flame              Hex/Fire       #####...     1%          3    None
 Animate Skeleton         Necr           N/A          4%          1    None
 Pain                     Necr           ##..         4%          1    None
 Regeneration             Chrm/Necr      ##........   13%         3    None
 Vampiric Draining        Necr           ##........   13%         3    None
 Animate Dead             Necr           N/A          41%         4    None


Dungeon Overview and Level Annotations

Branches:
Dungeon (9/15)             Temple (1/1) D:4
   Lair: D:8-11         Orc: D:9-12

Altars:
Ashenzari
Dithmenos
Elyvilon
Fedhas
Gozag
Hepliaklqana
Kikubaaqudgha
Makhleb
Nemelex Xobeh
Okawaru
Qazlal
Ru
Sif Muna
Trog
Uskayaw
Vehumet
Wu Jian
Xom
Yredelemnul
Zin
The Shining One

Annotations:
D:9 Joseph


Message History

You don't have enough magic to cast that spell.
Unknown command.
Joseph shoots a sling bullet.
The sling bullet hits you.
You see here a sling bullet.
Joseph shoots a sling bullet.
The sling bullet hits you!!
You see here a sling bullet.
Joseph shoots a sling bullet.
The sling bullet barely misses you.
Joseph shoots a sling bullet.
The sling bullet barely misses you.
Joseph unwields a +0 hunting sling.
Joseph wields a +0 quarterstaff.
Joseph barely misses you.
You hit Joseph.
Joseph is almost dead.
Joseph hits you with a +0 quarterstaff!
* * * LOW HITPOINT WARNING * * *
Joseph barely misses you. Joseph misses you. Joseph closely misses you.
Joseph hits you with a +0 quarterstaff!
* * * LOW HITPOINT WARNING * * *
Joseph hits you with a +0 quarterstaff!
You die...

.# #.# ## ########.##..
......(.... .........#
#(.# #(.#
############(.####.####
#..[...........@.......
#<.............@.......
#.###############.#####
#.# .# #.# # #.# ####
#.###############.....
#..............)......
#.......†.............


You could see Joseph.

Vanquished Creatures
  2 two-headed ogres (D:8)
  A hornet (D:8)
  2 hippogriffs (D:8)
  Menkaure (D:4)
  A water moccasin (D:8)
  A black bear (D:9)
  A necrophage (D:8)
  An ice beast (D:6)
  3 sky beasts
  2 orc warriors
  3 ogres
  2 centaurs
  2 bullfrogs (D:8)
  A wyvern skeleton (D:6)
  3 scorpions (D:9)
  5 killer bees (D:9)
  3 hounds
  A jelly (D:8)
  2 bullfrog zombies
  A centaur skeleton (D:5)
  2 orc priests (D:5)
  7 orc wizards
  Jessica (D:3)
  4 worker ants
  A hound zombie (D:5)
  6 adders
  2 shadow imps
  An ooze (D:3)
  2 adder zombies
  An adder skeleton (D:5)
  3 worms
  4 dart slugs
  4 leopard geckos
  29 orcs
  6 giant cockroaches
  10 goblins
  8 hobgoblins
  6 jackals (D:3)
  7 kobolds
  7 quokkas
  3 ball pythons
  9 bats
  2 frilled lizards
  A jackal zombie (D:5)
  A leopard gecko skeleton (D:6)
  A quokka skeleton (D:6)
  9 rats
175 creatures vanquished.

Vanquished Creatures (others)
  A hungry ghost (D:8)
  A worker ant zombie (D:8)
2 creatures vanquished.

Grand Total: 177 creatures vanquished

Notes
Turn   | Place    | Note
-------+----------+-------------------------------------------
     0 | D:1      | nikopol the Deep Elf Fire Elementalist began the quest for
                  | the Orb.
     0 | D:1      | Reached XP level 1. HP: 10/10 MP: 6/6
   216 | D:1      | Reached XP level 2. HP: 15/15 MP: 4/8
   838 | D:1      | Reached XP level 3. HP: 19/19 MP: 8/10
   842 | D:1      | Learned a level 2 spell: Throw Flame
   846 | D:1      | Learned a level 3 spell: Conjure Flame
  1634 | D:3      | Reached XP level 4. HP: 12/24 MP: 3/11
  2020 | D:3      | Noticed Jessica
  2045 | D:3      | Killed Jessica
  2045 | D:3      | Reached skill level 4 in Spellcasting
  2236 | D:3      | Reached XP level 5. HP: 28/28 MP: 13/13
  2656 | D:3      | Noticed an ogre
  2664 | D:3      | Killed an ogre
  2664 | D:3      | Reached skill level 5 in Spellcasting
  2664 | D:3      | Reached skill level 5 in Fire Magic
  2739 | D:3      | Found a basalt altar of Yredelemnul.
  2810 | D:4      | Noticed an ogre
  2813 | D:4      | Reached XP level 6. HP: 33/33 MP: 15/15
  2880 | D:4      | Learned a level 4 spell: Sticky Flame
  2886 | D:4      | Learned a level 5 spell: Fireball
  2891 | D:4      | Found a staircase to the Ecumenical Temple.
  2935 | Temple   | Entered the Ecumenical Temple
  3317 | D:4      | Noticed Menkaure
  3322 | D:4      | Killed Menkaure
  3322 | D:4      | Reached skill level 6 in Spellcasting
  3416 | D:4      | Reached XP level 7. HP: 31/37 MP: 18/18
  3577 | D:4      | Found a glowing golden altar of the Shining One.
  3590 | D:5      | Entered Level 5 of the Dungeon
  3904 | D:5      | Reached skill level 7 in Spellcasting
  4876 | D:6      | Reached XP level 8. HP: 34/42 MP: 21/21
  4971 | D:6      | Reached skill level 8 in Spellcasting
  5235 | D:6      | Found a deep blue altar of Sif Muna.
  5707 | D:7      | Reached skill level 5 in Conjurations
  6055 | D:8      | Noticed a hornet
  6065 | D:8      | Killed a hornet
  6347 | D:8      | Reached skill level 9 in Spellcasting
  6471 | D:8      | Reached XP level 9. HP: 24/46 MP: 2/24
  6689 | D:8      | Found a radiant altar of Vehumet.
  6936 | D:8      | Became a worshipper of Vehumet
  6962 | D:8      | Reached skill level 10 in Spellcasting
  7147 | D:8      | Found a blossoming altar of Fedhas.
  7149 | D:8      | Found a hazy altar of Hepliaklqana.
  7151 | D:8      | Found a burning altar of Makhleb.
  7184 | D:8      | Noticed a two-headed ogre
  7190 | D:8      | Got a smoking robe
  7201 | D:8      | Identified the cursed +1 robe of Weightlessness {Dex+2}
                  | (You found it on level 8 of the Dungeon)
  7340 | D:8      | Killed a two-headed ogre
  7340 | D:8      | Reached skill level 1 in Fighting
  7618 | D:8      | Noticed a two-headed ogre
  7628 | D:8      | Killed a two-headed ogre
  7628 | D:8      | Reached skill level 11 in Spellcasting
  7857 | D:9      | Noticed Joseph
  7861 | D:9      | Reached XP level 10. HP: 37/51 MP: 13/27
  8191 | D:9      | Found a shattered altar of Ashenzari.
  8476 | D:9      | HP: 2/51 [Joseph/+0 quarterstaff (11)]
  8477 | D:9      | Mangled by Joseph

Levels and vault maps discovered:
D:1:      dpeg_arrival_central, layout_loops_ring
D:2:      layout_loops_ring, nicolae_overflow_hidden_temple, first_ration
D:3:      layout_basic, lemuel_coloured_pillars_altar, uniq_jessica
D:4:      layout_gridville, old_standard_altar, minmay_temple_entry_grid,
          minmay_checkerbox, uniq_menkaure
D:5:      layout_basic
D:6:      layout_basic, led_sif_book, hex_tiny
D:7:      layout_loops_ring
D:8:      layout_cave_pools, fiery_altar_vehumet, grunt_temple_overflow_open,
          kennysheep_generic_room_7
D:9:      layout_long_grid, lemuel_crystal_altar, orc_0_dummy, david_nohive_1,
          chequers_serial_rivers_micro_e, minmay_diced_spiral, uniq_joseph
Temple:   cyrus_circular_temple

Skill      XL: |  1  2  3  4  5  6  7  8  9 10 |
---------------+-------------------------------+-----
Fire Magic     | 4 5 6 7 9 |  9.3
Conjurations   | 2 3 4 6 7 8 |  8.1
Spellcasting   | 4 5 6 7 9 11 | 11.8
Dodging        | 3 4 |  4.7
Stealth        | 3 4 |  4.3
Fighting       | 1 |  1.3

Action                   |  1- 3 |  4- 6 |  7- 9 | 10-12 || total
-------------------------+-------+-------+-------+-------++-------
Melee: Dagger            |       |       |       |     2 ||     2
 Cast: Flame Tongue      |    81 |    72 |   147 |    24 ||   324
       Conjure Flame     |       |     2 |     3 |     1 ||     6
       Sticky Flame      |       |     2 |    27 |     7 ||    36
       Throw Flame       |       |       |     6 |       ||     6
       Fireball          |       |       |     3 |     6 ||     9
  Use: Scroll            |       |       |    13 |       ||    13
  Eat: Chunk             |     2 |     6 |    26 |     2 ||    36
Armor: Robe              |     5 |     3 |     4 |     7 ||    19
Dodge: Dodged            |    26 |    15 |    41 |    30 ||   112

Table legend:
 A = Non-vault XP
 B = Vault XP
 C = Vault XP percentage of total XP
 D = Non-vault monster count
 E = Vault monster count
 F = Vault count percentage of total count
                 A         B        C        D         E       F
            +---------+---------+-------+---------+---------+-------
      Total |    5535 |     954 |  14.7 |     160 |      15 |   8.6
            +---------+---------+-------+---------+---------+-------
        D:1 |      43 |       0 |   0.0 |      21 |       0 |   0.0
        D:2 |      46 |       0 |   0.0 |      21 |       0 |   0.0
        D:3 |     253 |      37 |  12.8 |      28 |       1 |   3.4
        D:4 |      76 |     298 |  79.7 |       7 |       4 |  36.4
        D:5 |     525 |       0 |   0.0 |      29 |       0 |   0.0
        D:6 |     332 |      83 |  20.0 |      14 |       2 |  12.5
        D:7 |     192 |       0 |   0.0 |      10 |       0 |   0.0
        D:8 |    3693 |      44 |   1.2 |      23 |       1 |   4.2
        D:9 |     375 |     492 |  56.7 |       7 |       7 |  50.0
            +---------+---------+-------+---------+---------+-------
